 Dungeon Crawl Stone Soup version 0.19.1 (webtiles) character file.

1290 kolkov the Ruffian (level 8, -7/79 HPs)
             Began as a Troll Monk on Nov 29, 2016.
             Was a Priest of Ashenzari.
             Mangled by an orc warrior
             ... wielding a +0 short sword
              (14 damage)
             ... on level 6 of the Dungeon.
             The game lasted 00:29:17 (4012 turns).

kolkov the Ruffian (Troll Monk)                     Turns: 4012, Time: 00:29:18

Health: -7/79      AC:  5    Str: 20    XL:     8   Next: 30%
Magic:  7/7        EV: 12    Int:  6    God:    Ashenzari [***...]
Gold:   129        SH:  0    Dex: 14    Spells: 0 memorised, 7 levels left

rFire  . . .     SeeInvis +       - Unarmed
rCold  . . .     Gourm    +     l - +0 robe (curse)
rNeg   . . .     Faith    .     (no shield)
rPois  .         Spirit   .     (helmet restricted)
rElec  .         Reflect  .     (no cloak)
rCorr  .         Harm     .     (gloves unavailable)
MR     .....                    (boots unavailable)
Stlth  ++........               (no amulet)
                                (no ring)
                                (no ring)

@: very slightly contaminated, hasted, very quick
A: unfitting armour, claws 3, fast metabolism 3, gourmand, regeneration 1,
shaggy fur 1, tough skin 2
a: Curse Item, Scrying, Renounce Religion


You were on level 6 of the Dungeon.
You worshipped Ashenzari.
Ashenzari was most pleased with you.
You were full.

You visited 1 branch of the dungeon, and saw 6 of its levels.

You collected 277 gold pieces.
You spent 148 gold pieces at shops.

Inventory:

Hand Weapons
 f - a +0 flail
 w - a +0 giant club
 z - a +2 whip of freezing
Armour
 a - a +1 robe
 l - a cursed +0 robe (worn)
Wands
 B - a wand of lightning (2/15)
Scrolls
 g - a scroll of enchant weapon
 n - 2 scrolls of recharging
 s - a scroll of identify
 v - 4 scrolls of remove curse
 y - a scroll of enchant armour
 A - a scroll of random uselessness
Potions
 c - a potion of invisibility {unknown}
 d - a potion of mutation {unknown}
 e - 4 potions of agility
 h - a potion of cure mutation
 i - a potion of degeneration {unknown}
 j - a potion of haste
 k - 4 potions of lignification
 m - a potion of cancellation {unknown}
 o - a potion of curing
 q - a potion of brilliance
 u - 2 potions of flight
Comestibles
 b - 5 bread rations
 p - a royal jelly
 r - 3 fruits
 x - a meat ration


   Skills:
 + Level 4.8 Fighting
 + Level 5.0 Dodging
 - Level 1.0 Stealth
 * Level 7.6 Unarmed Combat


You had 7 spell levels left.
You didn't know any spells.

Dungeon Overview and Level Annotations

Branches:
Dungeon (6/15)
 Temple: D:4-7

Altars:
Ashenzari
Cheibriados
Fedhas
Makhleb
Sif Muna
The Shining One

Shops:
D:5 ?

Annotations:
D:6 Dowan, Duvessa


Innate Abilities, Weirdness & Mutations

You are too large for most types of armour.
You have claws for hands.
Your metabolism is lightning-fast.
You like to eat raw meat.
Your natural rate of healing is unusually fast.
You are covered in fur. (AC +1)
You have very tough skin. (AC +2)


Message History

The bullfrog hits you but does no damage.
The bullfrog barely misses you. The bullfrog hits you.
* * * LOW HITPOINT WARNING * * *
The bullfrog hits you.
* * * LOW HITPOINT WARNING * * *
The bullfrog hits you but does no damage.
You feel better.
The bullfrog hits you but does no damage.
You feel yourself speed up. The bullfrog hits you.
* * * LOW HITPOINT WARNING * * *
Duvessa hits you with a short sword of venom.
* * * LOW HITPOINT WARNING * * *
The orc wizard looks braver for a moment.
The bullfrog hits you but does no damage.
You are very lightly contaminated with residual magic.
You claw Duvessa!
Duvessa is heavily wounded.
The orc warrior hits you with a short sword!
You die...

.. #...e..e.### #.......#.#
..###...{###...###..)....#.#
.......#{{####e.##.........#
..###..##{#####...........## *
##.###o{{.#####........# ##.o#
####.# #.>......# ##.o##
#e#####.......)#####
#..########.o.o##.........(..#
#......o.#####F@e####....#..(#
########.o.####### ###.((.###
###..### ** * ###.##### *
##.o.###, ***#.....# , ,
###{..#,, *,,*#####.## * **
###.+ _ ∆* #...... * * *
#...#,,, ,∆ ##...... * *,
,**#.†{#,, * #....... *
*#.......# * ##.......


You could see Duvessa, an orc warrior, Dowan, a bullfrog and an orc wizard
(invisible).

Vanquished Creatures
  Prince Ribbit (D:6)
  A sky beast (D:5)
  An ogre (D:4)
  2 centaurs (D:6)
  A wyvern zombie (D:6)
  A scorpion (D:4)
  A bullfrog zombie (D:6)
  A crimson imp (D:4)
  2 centaur zombies
  A hound (D:5)
  A gnoll shaman (D:5)
  An orc wizard (D:5)
  Terence (D:3)
  Jessica (D:3)
  3 iguanas
  A worker ant (D:4)
  A hound skeleton (D:4)
  4 gnolls (D:5)
  13 adders
  3 worms (D:3)
  4 dart slugs
  4 leopard geckos
  An orc (D:3)
  2 ball pythons
  5 giant cockroaches
  6 goblins
  6 hobgoblins
  14 jackals
  3 kobolds
  8 bats
  6 frilled lizards
  A goblin zombie (D:4)
  4 hobgoblin zombies (D:4)
  A jackal zombie (D:5)
  2 kobold skeletons (D:4)
  2 leopard gecko zombies
  An orc skeleton (D:4)
  An orc zombie (D:4)
  7 rats
119 creatures vanquished.

Vanquished Creatures (others)
  An orc wizard (D:5)
1 creature vanquished.

Grand Total: 120 creatures vanquished

Notes
Turn   | Place    | Note
-------+----------+-------------------------------------------
     0 | D:1      | kolkov the Troll Monk began the quest for the Orb.
     0 | D:1      | Reached XP level 1. HP: 22/22 MP: 0/0
   235 | D:1      | Reached XP level 2. HP: 29/29 MP: 1/1
   958 | D:2      | Reached XP level 3. HP: 31/36 MP: 2/2
  1199 | D:2      | Reached XP level 4. HP: 45/45 MP: 3/3
  1281 | D:2      | Reached skill level 4 in Unarmed Combat
  1577 | D:2      | Found a shattered altar of Ashenzari.
  1586 | D:2      | Became a worshipper of Ashenzari the Shackled
  1586 | D:2      | Reached * piety under Ashenzari
  1586 | D:2      | Reached ** piety under Ashenzari
  1678 | D:3      | Noticed Jessica
  1687 | D:3      | Killed Jessica
  1687 | D:3      | Reached XP level 5. HP: 39/53 MP: 4/4
  1774 | D:3      | Noticed Terence
  1782 | D:3      | Killed Terence
  1946 | D:3      | Found a snail-covered altar of Cheibriados.
  2309 | D:4      | Found a glowing golden altar of the Shining One.
  2467 | D:4      | Reached skill level 5 in Unarmed Combat
  2467 | D:4      | Reached XP level 6. HP: 31/61 MP: 5/5
  2634 | D:4      | Reached *** piety under Ashenzari
  2687 | D:4      | Found a blossoming altar of Fedhas.
  2755 | D:4      | Found a blossoming altar of Fedhas.
  3026 | D:5      | Entered Level 5 of the Dungeon
  3037 | D:5      | Noticed a sky beast
  3054 | D:5      | Killed a sky beast
  3054 | D:5      | Reached skill level 6 in Unarmed Combat
  3054 | D:5      | Reached XP level 7. HP: 42/68 MP: 6/6
  3120 | D:5      | HP: 1/68 [centaur zombie (6)]
  3262 | D:5      | Found a burning altar of Makhleb.
  3287 | D:5      | Found Xadumosk's Magic Scroll Shop.
  3298 | D:5      | Bought a scroll of remove curse for 33 gold pieces
  3298 | D:5      | Bought a scroll of remove curse for 33 gold pieces
  3298 | D:5      | Bought a scroll of enchant armour for 82 gold pieces
  3630 | D:5      | Found a deep blue altar of Sif Muna.
  3870 | D:6      | Reached skill level 7 in Unarmed Combat
  3870 | D:6      | Reached XP level 8. HP: 71/79 MP: 7/7
  3945 | D:6      | Noticed Prince Ribbit
  3962 | D:6      | Killed Prince Ribbit
  3962 | D:6      | Reached skill level 5 in Dodging
  3997 | D:6      | Noticed Dowan
  3999 | D:6      | Noticed Duvessa
  4012 | D:6      | Mangled by an orc warrior

Skill      XL: |  1  2  3  4  5  6  7  8 |
---------------+-------------------------+-----
Dodging        | 3 4 5 |  5.0
Fighting       | 3 4 |  4.8
Unarmed Combat | 4 5 6 7 |  7.6
Stealth        | |  1.0

Action                   |  1- 3 |  4- 6 |  7- 9 || total
-------------------------+-------+-------+-------++-------
Melee: Unarmed           |    77 |   159 |   102 ||   338
       Punch             |       |     5 |     2 ||     7
Throw: Tomahawk          |       |     5 |     3 ||     8
Evoke: Wand              |       |       |     1 ||     1
  Use: Scroll            |       |     9 |     6 ||    15
       Potion            |       |       |     2 ||     2
 Stab: Sleeping          |     2 |     3 |       ||     5
  Eat: Chunk             |    16 |    17 |     6 ||    39
Armor: Robe              |    29 |    55 |    24 ||   108
Dodge: Dodged            |    46 |    71 |    79 ||   196
